San Jose Sharks vs Vegas Golden Knights
Created - Friday, August 23, 2024 at 07:46
Goals
|
| San Jose Sharks |
1 |
2 |
1 |
0 |
4 |
| Vegas Golden Knights |
1 |
2 |
1 |
1 |
5 |
|
Shots
|
| San Jose Sharks |
6 |
15 |
14 |
0 |
35 |
| Vegas Golden Knights |
13 |
8 |
13 |
1 |
35 |
|
1st period
1. Vegas Golden Knights , Cody Glass 1 (Sean Couturier 2) at 13:17
2. San Jose Sharks , Ivan Barbashev 1 (Rickard Rakell 2, Adam Henrique 4) at 14:17
Penalties :
Matthew Knies (SJS) for Delaying the game (Minor) at 4:21, Ivan Barbashev (SJS) for Roughing (Minor) at 17:34
2nd period
3. Vegas Golden Knights , Roman Josi 1 (Reilly Smith 4, Shea Theodore 2) at 0:32 (PP)
4. San Jose Sharks , Matthew Knies 2 (Joel Edmundson 2) at 1:54
5. Vegas Golden Knights , Jack Roslovic 1 (Roman Josi 2, Sean Monahan 4) at 13:51
6. San Jose Sharks , Eetu Luostarinen 3 (Matthew Knies 2, Sean Durzi 2) at 18:26
Penalties :
Erik Cernak (SJS) for Tripping (Minor) at 0:17, Matthew Knies (SJS) for Hooking (Minor) at 2:16, Erik Cernak (SJS) for Tripping (Minor) at 6:39, Reilly Smith (VGK) for Roughing (Minor) at 14:41
3rd period
7. San Jose Sharks , Rickard Rakell 4 (Sean Durzi 3, Ivan Barbashev 1) at 6:50
8. Vegas Golden Knights , Danton Heinen 2 (Sean Couturier 3, Cody Glass 2) at 8:36
Penalties :
Sean Durzi (SJS) for Delaying the game (Minor) at 4:24, John Marino (VGK) for Holding (Minor) at 4:28, Reilly Smith (VGK) for Tripping (Minor) at 11:44, Erik Cernak (SJS) for Hooking (Minor) at 17:47
Overtime #1
9. Vegas Golden Knights , Marc-Edouard Vlasic 1 (Roman Josi 3, Jordan Staal 1) at 0:16
Penalties :
No Penalty
Goalie Stats
Logan Thompson (SJS), 30 saves from 35 shots - (0.857), OTL, 3-2-1, 60:16 minutes
Cayden Primeau (VGK), 31 saves from 35 shots - (0.886), W, 2-0-1, 60:16 minutes
Players Stats for San Jose Sharks
Player Name G A P +/- PIM S H SB GA TA FO MP PP MP PK MP
------------------------------------------------------------------------------------
Adam Henrique 0 1 1 0 0 1 2 0 0 0 12/26 20:46 2:02 5:09
Christian Dvorak 0 0 0 0 0 4 0 0 2 0 11/14 12:07 0:00 0:16
Christopher Tanev 0 0 0 -2 0 1 3 4 0 2 0/0 26:11 2:02 5:00
Dmitry Orlov 0 0 0 1 0 2 2 0 0 1 0/0 12:27 0:00 0:30
Dylan Strome 0 0 0 0 0 6 0 0 1 1 10/19 20:02 1:56 4:57
Eetu Luostarinen 1 0 1 0 0 1 1 0 1 0 0/0 14:06 1:56 0:00
Erik Cernak 0 0 0 -2 6 0 2 3 0 0 0/0 24:08 2:02 2:46
Frederick Gaudreau 0 0 0 0 0 1 0 0 0 0 1/3 6:20 0:00 0:00
Ilya Mikheyev 0 0 0 0 0 0 0 0 0 0 0/0 7:27 0:00 0:53
Ivan Barbashev 1 1 2 0 2 3 0 2 1 0 0/0 20:30 2:06 3:56
Joel Edmundson 0 1 1 1 0 2 0 0 0 1 0/0 22:50 2:00 5:14
Joseph Veleno 0 0 0 0 0 0 1 0 1 0 0/0 7:02 0:00 0:19
Luke Kunin 0 0 0 0 0 3 5 0 0 0 0/0 13:31 1:56 0:00
Matthew Knies 1 1 2 0 4 4 2 0 1 0 2/4 12:39 0:00 0:00
Mike Hoffman 0 0 0 0 0 4 1 0 0 0 0/0 11:35 0:00 0:00
Rickard Rakell 1 1 2 0 0 2 0 0 3 3 1/6 21:33 2:06 4:58
Sean Durzi 0 2 2 1 2 0 0 0 0 2 0/0 21:51 2:00 5:14
Simon Nemec 0 0 0 2 0 1 0 0 0 1 0/0 13:43 0:04 1:44
Players Stats for Vegas Golden Knights
Player Name G A P +/- PIM S H SB GA TA FO MP PP MP PK MP
------------------------------------------------------------------------------------
Cody Glass 1 1 2 1 0 2 1 0 2 0 0/0 15:39 4:34 0:11
Conor Sheary 0 0 0 0 0 1 0 0 0 1 0/1 12:05 0:00 0:00
Curtis Lazar 0 0 0 0 0 1 0 0 0 1 0/0 10:28 0:00 1:45
Danton Heinen 1 0 1 1 0 3 0 2 1 0 0/0 11:38 1:24 0:00
Jack Roslovic 1 0 1 -1 0 3 1 0 3 1 1/2 17:11 4:34 0:00
John Marino 0 0 0 -2 2 1 0 2 0 0 0/0 21:07 4:22 2:04
Jordan Staal 0 1 1 1 0 2 1 0 1 0 5/13 15:08 0:00 2:02
Marc-Edouard Vlasic 1 0 1 0 0 2 1 1 0 2 0/0 19:42 0:00 1:58
Pierre-edouard Bellemare 0 0 0 0 0 1 1 0 1 0 5/10 10:08 0:00 1:45
Reilly Smith 0 1 1 1 4 3 2 1 0 0 0/0 17:54 4:16 0:00
Roman Josi 1 2 3 1 0 3 2 2 1 0 0/0 26:44 5:51 2:08
Sean Couturier 0 2 2 0 0 5 0 2 1 0 12/16 16:35 4:34 0:04
Sean Monahan 0 1 1 -2 0 5 1 1 0 2 9/24 19:50 5:40 0:28
Shea Theodore 0 1 1 1 0 2 0 1 0 1 0/0 19:49 5:51 0:00
Thomas Chabot 0 0 0 -1 0 0 3 1 0 1 0/0 19:47 4:23 0:00
Travis Hamonic 0 0 0 0 0 0 0 0 0 1 0/0 13:45 0:00 1:54
Trevor Lewis 0 0 0 0 0 0 0 0 0 0 0/1 9:59 0:00 1:49
Tyler Bertuzzi 0 0 0 -1 0 1 1 1 1 0 3/5 17:35 5:40 0:00
3 Stars
1 - Roman Josi (VGK)
2 - Cody Glass (VGK)
3 - Danton Heinen (VGK)
Power Play
San Jose Sharks - 0 on 3 Attempt(s) - 0.00%
Vegas Golden Knights - 1 on 7 Attempt(s) - 14.29%
Penalty Kill
San Jose Sharks - 6 on 7 Attempt(s) - 85.71%
- Score 0 goal in Penalty Kill
Vegas Golden Knights - 3 on 3 Attempt(s) - 100.00%
- Score 0 goal in Penalty Kill
Team Stat
San Jose Sharks - Hits : 19 - Faceoff Wins : 37 - Blocked Shots : 9 - Penalty Minutes : 14
Vegas Golden Knights - Hits : 14 - Faceoff Wins : 35 - Blocked Shots : 14 - Penalty Minutes : 6
Official
Referees : Kelly Sutherland and Jon Mcisaac
Linesman : Kiel Murchison and Shandor Alphonso
Game Notes
0:16 of 1st overtime period - Vegas Golden Knights goal is going for a video replay. After video review, Goal.
Finance
Level 1 -- Attendance: 6000 (100.00%) -- Ticket Income $570,000
Level 2 -- Attendance: 5000 (100.00%) -- Ticket Income $275,000
Level 3 -- Attendance: 2928 (97.60%) -- Ticket Income $87,840
Level 4 -- Attendance: 4569 (91.38%) -- Ticket Income $91,380
Luxury Box -- Attendance: 862 (86.20%) -- Ticket Income $163,780
Game was played at the T-Mobile Arena.
Total Attendance: 19359 (96.80%)
Total Ticket Income: $1,188,000
Other Income: $415,800
Total Income: $1,603,800
San Jose Sharks
5 vs 5 Forward
Center Left Wing Right Wing Time % Phy DF OF
1 Adam Henrique Rickard Rakell Ivan Barbashev 30 1 2 2
2 Dylan Strome Eetu Luostarinen Matthew Knies 30 1 2 2
3 Christian Dvorak Mike Hoffman Luke Kunin 25 1 2 2
4 Frederick Gaudreau Joseph Veleno Ilya Mikheyev 15 1 2 2
5 vs 5 Defense
Defense Defense Time % Phy DF OF
1 Erik Cernak Christopher Tanev 30 1 2 2
2 Sean Durzi Joel Edmundson 30 1 2 2
3 Dmitry Orlov Simon Nemec 25 1 2 2
4 Erik Cernak Christopher Tanev 15 1 2 2
PowerPlay Forward
Center Left Wing Right Wing Time % Phy DF OF
1 Adam Henrique Rickard Rakell Ivan Barbashev 50 1 2 2
2 Dylan Strome Eetu Luostarinen Luke Kunin 50 1 2 2
PowerPlay Defense
Defense Defense Time % Phy DF OF
1 Erik Cernak Christopher Tanev 50 1 2 2
2 Sean Durzi Joel Edmundson 50 1 2 2
Penalty Kill 4 Players Forward
Center Wing Time % Phy DF OF
1 Adam Henrique Dylan Strome 50 1 2 2
2 Rickard Rakell Ivan Barbashev 50 1 2 2
Penalty Kill 4 Players Defense
Defense Defense Time % Phy DF OF
1 Erik Cernak Christopher Tanev 50 1 2 2
2 Sean Durzi Joel Edmundson 50 1 2 2
Penalty Kill - 3 Players Forward
Forward Time % Phy DF OF
1 Adam Henrique 50 1 2 2
2 Dylan Strome 50 1 2 2
Penalty Kill - 3 Players Defense
Defense Defense Time % Phy DF OF
1 Erik Cernak Christopher Tanev 50 1 2 2
2 Sean Durzi Joel Edmundson 50 1 2 2
4 vs 4 Forward
Center Wing Time % Phy DF OF
1 Adam Henrique Dylan Strome 50 1 2 2
2 Rickard Rakell Ivan Barbashev 50 1 2 2
4 vs 4 Defense
Defense Defense Time % Phy DF OF
1 Erik Cernak Christopher Tanev 50 1 2 2
2 Sean Durzi Joel Edmundson 50 1 2 2
Last Minutes Offensive
Center Left Wing Right Wing Defense Defense
Adam Henrique Rickard Rakell Ivan Barbashev Erik Cernak Christopher Tanev
Last Minutes Defensive
Center Left Wing Right Wing Defense Defense
Adam Henrique Rickard Rakell Ivan Barbashev Erik Cernak Christopher Tanev
Goaltenders
Starting : Logan Thompson
Backup : Ilya Samsonov
Extra Forwards
Normal : Joseph Veleno, Christian Dvorak, Ilya Mikheyev - PP : Joseph Veleno, Christian Dvorak - PK : Ilya Mikheyev
Extra Defensemen
Normal : Dmitry Orlov, Simon Nemec, Sean Durzi - PP : Dmitry Orlov - PK : Simon Nemec, Sean Durzi
Penalty Shots
Adam Henrique, Dylan Strome, Rickard Rakell, Ivan Barbashev, Eetu Luostarinen
Scratches
Brett Howden (Healthy), Kailer Yamamoto (Healthy), Victor Olofsson (Healthy), Tobias Bjornfot (Healthy), Sam Lafferty (Healthy)
Vegas Golden Knights
5 vs 5 Forward
Center Left Wing Right Wing Time % Phy DF OF
1 Sean Monahan Tyler Bertuzzi Jack Roslovic 30 1 2 2
2 Jordan Staal Conor Sheary Reilly Smith 30 1 2 2
3 Sean Couturier Cody Glass Danton Heinen 25 1 2 2
4 Pierre-edouard Bellemare Curtis Lazar Trevor Lewis 15 1 2 2
5 vs 5 Defense
Defense Defense Time % Phy DF OF
1 Roman Josi Shea Theodore 30 1 2 2
2 Thomas Chabot John Marino 30 1 2 2
3 Marc-Edouard Vlasic Travis Hamonic 25 1 2 2
4 Roman Josi Marc-Edouard Vlasic 15 1 2 2
PowerPlay Forward
Center Left Wing Right Wing Time % Phy DF OF
1 Sean Monahan Tyler Bertuzzi Reilly Smith 50 1 2 2
2 Sean Couturier Cody Glass Jack Roslovic 50 1 2 2
PowerPlay Defense
Defense Defense Time % Phy DF OF
1 Roman Josi Shea Theodore 50 1 2 2
2 Thomas Chabot John Marino 50 1 2 2
Penalty Kill 4 Players Forward
Center Wing Time % Phy DF OF
1 Jordan Staal Trevor Lewis 50 1 2 2
2 Pierre-edouard Bellemare Curtis Lazar 50 1 2 2
Penalty Kill 4 Players Defense
Defense Defense Time % Phy DF OF
1 Travis Hamonic Marc-Edouard Vlasic 50 1 2 2
2 Roman Josi John Marino 50 1 2 2
Penalty Kill - 3 Players Forward
Forward Time % Phy DF OF
1 Jordan Staal 50 1 2 2
2 Pierre-edouard Bellemare 50 1 2 2
Penalty Kill - 3 Players Defense
Defense Defense Time % Phy DF OF
1 Travis Hamonic Marc-Edouard Vlasic 50 1 2 2
2 Roman Josi John Marino 50 1 2 2
4 vs 4 Forward
Center Wing Time % Phy DF OF
1 Sean Monahan Sean Couturier 50 1 2 2
2 Jordan Staal Reilly Smith 50 1 2 2
4 vs 4 Defense
Defense Defense Time % Phy DF OF
1 Roman Josi Marc-Edouard Vlasic 50 1 2 2
2 Thomas Chabot John Marino 50 1 2 2
Last Minutes Offensive
Center Left Wing Right Wing Defense Defense
Sean Monahan Jordan Staal Reilly Smith Roman Josi Thomas Chabot
Last Minutes Defensive
Center Left Wing Right Wing Defense Defense
Jordan Staal Pierre-edouard Bellemare Trevor Lewis Roman Josi Marc-Edouard Vlasic
Goaltenders
Starting : Cayden Primeau
Backup : Alexandar Georgiev
Extra Forwards
Normal : Jack Roslovic, Danton Heinen, Curtis Lazar - PP : Jack Roslovic, Danton Heinen - PK : Curtis Lazar
Extra Defensemen
Normal : Shea Theodore, Travis Hamonic, Thomas Chabot - PP : Shea Theodore - PK : Travis Hamonic, Thomas Chabot
Penalty Shots
Sean Monahan, Sean Couturier, Jordan Staal, Reilly Smith, Tyler Bertuzzi
Scratches
Zachary Jones (Healthy), Maxime Comtois (Healthy), Marc Staal (Healthy), Zachary L'Heureux (Healthy), Nathan Gaucher (Healthy)
% Time on Ice - San Jose Sharks
Lines # - Real PCT - Wanted PCT - Time Play
Normal Forward
1 - 29% - 30% - 12:50
2 - 30% - 30% - 13:04
3 - 26% - 25% - 11:35
4 - 14% - 15% - 6:20
Normal Defense
1 - 30% - 30% - 12:57
2 - 33% - 30% - 14:38
3 - 26% - 25% - 11:15
4 - 11% - 15% - 4:59
PP Forward
1 - 50% - 50% - 2:02
2 - 50% - 50% - 2:00
PP Defense
1 - 50% - 50% - 2:02
2 - 50% - 50% - 2:00
PK Forward
1 - 49% - 50% - 5:00
2 - 51% - 50% - 5:14
PK Defense
1 - 49% - 50% - 5:00
2 - 51% - 50% - 5:14
PK3 Forward
1 - 0% - 50%
2 - 0% - 50%
PK3 Defense
1 - 0% - 50%
2 - 0% - 50%
44 Forward
1 - 45% - 50% - 0:59
2 - 55% - 50% - 1:12
44 Defense
1 - 56% - 50% - 1:13
2 - 44% - 50% - 0:58
Last Minute Offensive - 0:00
Last Minute Defensive - 0:00
Total
Forward - 60:16
Defense - 60:16
|
% Time on Ice - Vegas Golden Knights
Lines # - Real PCT - Wanted PCT - Time Play
Normal Forward
1 - 29% - 30% - 12:42
2 - 29% - 30% - 12:42
3 - 23% - 25% - 10:15
4 - 19% - 15% - 8:10
Normal Defense
1 - 31% - 30% - 13:23
2 - 33% - 30% - 14:18
3 - 27% - 25% - 11:47
4 - 10% - 15% - 4:21
PP Forward
1 - 55% - 50% - 5:40
2 - 45% - 50% - 4:34
PP Defense
1 - 57% - 50% - 5:51
2 - 43% - 50% - 4:23
PK Forward
1 - 52% - 50% - 2:06
2 - 48% - 50% - 1:56
PK Defense
1 - 49% - 50% - 1:58
2 - 51% - 50% - 2:04
PK3 Forward
1 - 0% - 50%
2 - 0% - 50%
PK3 Defense
1 - 0% - 50%
2 - 0% - 50%
44 Forward
1 - 45% - 50% - 0:59
2 - 55% - 50% - 1:12
44 Defense
1 - 53% - 50% - 1:09
2 - 47% - 50% - 1:02
Last Minute Offensive - 0:00
Last Minute Defensive - 0:00
Total
Forward - 60:16
Defense - 60:16
|
Play-by-Play
1st period
0:01 of 1st period - Adam Henrique wins face-off versus Sean Monahan in neutral zone.
0:08 of 1st period - Sean Monahan is hit by Adam Henrique and loses puck.
0:52 of 1st period - Frederick Gaudreau is hit by Reilly Smith and loses puck.
1:41 of 1st period - Wrist shot by Adam Henrique.
1:41 of 1st period - Shot Misses the Net.
1:55 of 1st period - Wrist shot by Dylan Strome.
1:55 of 1st period - Shot Misses the Net.
2:15 of 1st period - Snap shot by Sean Monahan.
2:15 of 1st period - Stopped by Logan Thompson without a rebound.
2:16 of 1st period - Frederick Gaudreau wins face-off versus Sean Monahan in San Jose Sharks zone.
2:23 of 1st period - Snap shot by Ilya Mikheyev.
2:23 of 1st period - Shot Blocked by Tyler Bertuzzi.
2:25 of 1st period - Slapshot by Christopher Tanev.
2:25 of 1st period - Stopped by Cayden Primeau with a rebound.
2:27 of 1st period - Snap shot by Erik Cernak.
2:27 of 1st period - Shot Blocked by Roman Josi.
2:41 of 1st period - Roman Josi is hit by Luke Kunin and loses puck.
2:52 of 1st period - Wrist shot by Sean Couturier.
2:52 of 1st period - Shot Misses the Net.
4:21 of 1st period - Minor Penalty to Matthew Knies for Delaying the game.
4:22 of 1st period - Sean Monahan wins face-off versus Adam Henrique in San Jose Sharks zone.
4:24 of 1st period - Slapshot by Sean Monahan.
4:24 of 1st period - Stopped by Logan Thompson without a rebound.
4:25 of 1st period - Adam Henrique wins face-off versus Sean Monahan in San Jose Sharks zone.
4:40 of 1st period - Erik Cernak is hit by Thomas Chabot and loses puck.
5:10 of 1st period - Snap shot by Jack Roslovic.
5:10 of 1st period - Deflect By Reilly Smith.
5:10 of 1st period - Deflect By Sean Durzi.
5:10 of 1st period - Shot Misses the Net.
5:10 of 1st period - Puck is out of play.
5:11 of 1st period - Rickard Rakell wins face-off versus Tyler Bertuzzi in San Jose Sharks zone.
5:20 of 1st period - Slapshot by Sean Monahan.
5:20 of 1st period - Shot Misses the Net.
5:22 of 1st period - Slapshot by Shea Theodore.
5:22 of 1st period - Shot Blocked by Ivan Barbashev.
6:21 of 1st period - Penalty to Matthew Knies is over, Matthew Knies is back on ice.
6:36 of 1st period - Wrist shot by Mike Hoffman.
6:36 of 1st period - Deflect By Christian Dvorak.
6:36 of 1st period - Stopped by Cayden Primeau without a rebound.
6:37 of 1st period - Christian Dvorak wins face-off versus Jordan Staal in Vegas Golden Knights zone.
6:52 of 1st period - Snap shot by Luke Kunin.
6:52 of 1st period - Stopped by Cayden Primeau with a rebound.
7:33 of 1st period - Wrist shot by Adam Henrique.
7:33 of 1st period - Shot Misses the Net.
7:35 of 1st period - Wrist shot by Ivan Barbashev.
7:35 of 1st period - Deflect By Adam Henrique.
7:35 of 1st period - Shot Blocked by Sean Couturier.
7:35 of 1st period - Puck is out of play.
7:36 of 1st period - Tyler Bertuzzi wins face-off versus Rickard Rakell in Vegas Golden Knights zone.
7:41 of 1st period - Erik Cernak is hit by Tyler Bertuzzi.
8:13 of 1st period - Jordan Staal is hit by Eetu Luostarinen and loses puck.
8:52 of 1st period - Shea Theodore is hit by Dmitry Orlov and loses puck.
9:25 of 1st period - Icing by Joel Edmundson.
9:26 of 1st period - Jordan Staal wins face-off versus Dylan Strome in San Jose Sharks zone.
9:31 of 1st period - Wrist shot by Reilly Smith.
9:31 of 1st period - Shot Misses the Net.
9:58 of 1st period - Christopher Tanev is hit by Thomas Chabot and loses puck.
10:25 of 1st period - Tyler Bertuzzi is hit by Luke Kunin and loses puck.
11:05 of 1st period - Snap shot by Matthew Knies.
11:05 of 1st period - Shot Misses the Net.
11:07 of 1st period - Snap shot by Dylan Strome.
11:07 of 1st period - Stopped by Cayden Primeau without a rebound.
11:08 of 1st period - Adam Henrique wins face-off versus Jordan Staal in Vegas Golden Knights zone.
11:41 of 1st period - Slapshot by Reilly Smith.
11:41 of 1st period - Stopped by Logan Thompson without a rebound.
11:42 of 1st period - Adam Henrique wins face-off versus Sean Monahan in San Jose Sharks zone.
12:07 of 1st period - Shea Theodore is hit by Matthew Knies and loses puck.
12:36 of 1st period - Jordan Staal is hit by Mike Hoffman.
12:45 of 1st period - Icing by Pierre-edouard Bellemare.
12:46 of 1st period - Pierre-edouard Bellemare wins face-off versus Frederick Gaudreau in Vegas Golden Knights zone.
12:59 of 1st period - Snap shot by Sean Monahan.
12:59 of 1st period - Shot Blocked by Christopher Tanev.
13:15 of 1st period - Slapshot by Sean Couturier.
13:15 of 1st period - Stopped by Logan Thompson without a rebound.
13:16 of 1st period - Sean Couturier wins face-off versus Dylan Strome in San Jose Sharks zone.
13:17 of 1st period - Wrist shot by Cody Glass.
13:17 of 1st period - Goal by Cody Glass - San Jose Sharks : 0 - Vegas Golden Knights : 1.
13:18 of 1st period - Tyler Bertuzzi wins face-off versus Matthew Knies in neutral zone.
13:43 of 1st period - Marc-Edouard Vlasic is hit by Erik Cernak.
14:15 of 1st period - Snap shot by Rickard Rakell.
14:15 of 1st period - Shot Misses the Net.
14:17 of 1st period - Snap shot by Ivan Barbashev.
14:17 of 1st period - Goal by Ivan Barbashev - San Jose Sharks : 1 - Vegas Golden Knights : 1.
14:18 of 1st period - Dylan Strome wins face-off versus Jack Roslovic in neutral zone.
14:20 of 1st period - Off-side.
14:21 of 1st period - Sean Monahan wins face-off versus Dylan Strome in neutral zone.
14:34 of 1st period - Snap shot by Sean Monahan.
14:34 of 1st period - Deflect By Jack Roslovic.
14:34 of 1st period - Stopped by Logan Thompson without a rebound.
14:35 of 1st period - Adam Henrique wins face-off versus Jordan Staal in San Jose Sharks zone.
14:35 of 1st period - Adam Henrique is hit by Jordan Staal.
14:47 of 1st period - Snap shot by Ivan Barbashev.
14:47 of 1st period - Stopped by Cayden Primeau without a rebound.
14:48 of 1st period - Sean Couturier wins face-off versus Dylan Strome in Vegas Golden Knights zone.
14:55 of 1st period - Slapshot by Danton Heinen.
14:55 of 1st period - Shot Misses the Net.
14:57 of 1st period - Wrist shot by Sean Couturier.
14:57 of 1st period - Stopped by Logan Thompson with a rebound.
14:59 of 1st period - Snap shot by Danton Heinen.
14:59 of 1st period - Shot Misses the Net.
15:01 of 1st period - Wrist shot by Danton Heinen.
15:01 of 1st period - Stopped by Logan Thompson with a rebound.
15:13 of 1st period - Jack Roslovic is hit by Dmitry Orlov and loses puck.
15:47 of 1st period - Marc-Edouard Vlasic is hit by Luke Kunin and loses puck.
16:50 of 1st period - Slapshot by Tyler Bertuzzi.
16:50 of 1st period - Stopped by Logan Thompson without a rebound.
16:51 of 1st period - Adam Henrique wins face-off versus Sean Monahan in San Jose Sharks zone.
17:09 of 1st period - Wrist shot by Sean Monahan.
17:09 of 1st period - Stopped by Logan Thompson with a rebound.
17:34 of 1st period - Minor Penalty to Ivan Barbashev for Roughing.
17:35 of 1st period - Sean Couturier wins face-off versus Adam Henrique in San Jose Sharks zone.
17:35 of 1st period - Snap shot by Cody Glass.
17:35 of 1st period - Stopped by Logan Thompson without a rebound.
17:36 of 1st period - Sean Couturier wins face-off versus Adam Henrique in San Jose Sharks zone.
17:51 of 1st period - Wrist shot by Sean Couturier.
17:51 of 1st period - Stopped by Logan Thompson without a rebound.
17:52 of 1st period - Adam Henrique wins face-off versus Sean Monahan in San Jose Sharks zone.
17:58 of 1st period - Off-side.
17:59 of 1st period - Sean Monahan wins face-off versus Adam Henrique in neutral zone.
18:24 of 1st period - Slapshot by Roman Josi.
18:24 of 1st period - Deflect By Sean Couturier.
18:24 of 1st period - Stopped by Logan Thompson with a rebound.
19:34 of 1st period - Penalty to Ivan Barbashev is over, Ivan Barbashev is back on ice.
Goals for this period are 1 for San Jose Sharks vs 1 for Vegas Golden Knights.
Shots for this period are 6 for San Jose Sharks vs 13 for Vegas Golden Knights.
2nd period
0:01 of 2nd period - Jordan Staal wins face-off versus Matthew Knies in neutral zone.
0:10 of 2nd period - Wrist shot by Dylan Strome.
0:10 of 2nd period - Stopped by Cayden Primeau with a rebound.
0:17 of 2nd period - Minor Penalty to Erik Cernak for Tripping.
0:18 of 2nd period - Adam Henrique wins face-off versus Sean Monahan in San Jose Sharks zone.
0:30 of 2nd period - Snap shot by Reilly Smith.
0:30 of 2nd period - Stopped by Logan Thompson with a rebound.
0:32 of 2nd period - Wrist shot by Roman Josi.
0:32 of 2nd period - Goal by Roman Josi - San Jose Sharks : 1 - Vegas Golden Knights : 2.
0:33 of 2nd period - Jordan Staal wins face-off versus Dylan Strome in neutral zone.
0:38 of 2nd period - Wrist shot by Reilly Smith.
0:38 of 2nd period - Stopped by Logan Thompson without a rebound.
0:39 of 2nd period - Dylan Strome wins face-off versus Jordan Staal in San Jose Sharks zone.
0:46 of 2nd period - Slapshot by Matthew Knies.
0:46 of 2nd period - Shot Misses the Net.
0:48 of 2nd period - Slapshot by Matthew Knies.
0:48 of 2nd period - Stopped by Cayden Primeau without a rebound.
0:49 of 2nd period - Christian Dvorak wins face-off versus Sean Couturier in Vegas Golden Knights zone.
0:50 of 2nd period - Snap shot by Mike Hoffman.
0:50 of 2nd period - Stopped by Cayden Primeau with a rebound.
0:52 of 2nd period - Slapshot by Erik Cernak.
0:52 of 2nd period - Shot Blocked by John Marino.
0:54 of 2nd period - Snap shot by Christian Dvorak.
0:54 of 2nd period - Stopped by Cayden Primeau without a rebound.
0:55 of 2nd period - Sean Couturier wins face-off versus Christian Dvorak in Vegas Golden Knights zone.
1:54 of 2nd period - Snap shot by Matthew Knies.
1:54 of 2nd period - Goal by Matthew Knies - San Jose Sharks : 2 - Vegas Golden Knights : 2.
1:55 of 2nd period - Sean Monahan wins face-off versus Dylan Strome in neutral zone.
2:04 of 2nd period - Icing by Sean Monahan.
2:05 of 2nd period - Dylan Strome wins face-off versus Sean Monahan in Vegas Golden Knights zone.
2:06 of 2nd period - Wrist shot by Eetu Luostarinen.
2:06 of 2nd period - Shot Misses the Net.
2:16 of 2nd period - Minor Penalty to Matthew Knies for Hooking.
2:17 of 2nd period - Sean Couturier wins face-off versus Adam Henrique in San Jose Sharks zone.
2:25 of 2nd period - Snap shot by Cody Glass.
2:25 of 2nd period - Shot Blocked by Erik Cernak.
2:51 of 2nd period - Icing by Roman Josi.
2:52 of 2nd period - Sean Monahan wins face-off versus Rickard Rakell in Vegas Golden Knights zone.
3:01 of 2nd period - Slapshot by Roman Josi.
3:01 of 2nd period - Shot Misses the Net.
3:03 of 2nd period - Slapshot by Shea Theodore.
3:03 of 2nd period - Stopped by Logan Thompson without a rebound.
3:04 of 2nd period - Dylan Strome wins face-off versus Sean Couturier in San Jose Sharks zone.
4:16 of 2nd period - Penalty to Matthew Knies is over, Matthew Knies is back on ice.
4:30 of 2nd period - Snap shot by Rickard Rakell.
4:30 of 2nd period - Stopped by Cayden Primeau without a rebound.
4:31 of 2nd period - Christian Dvorak wins face-off versus Pierre-edouard Bellemare in Vegas Golden Knights zone.
4:32 of 2nd period - Snap shot by Mike Hoffman.
4:32 of 2nd period - Shot Misses the Net.
4:40 of 2nd period - Slapshot by Christian Dvorak.
4:40 of 2nd period - Deflect By Mike Hoffman.
4:40 of 2nd period - Shot Misses the Net.
4:40 of 2nd period - Puck is out of play.
4:41 of 2nd period - Pierre-edouard Bellemare wins face-off versus Christian Dvorak in Vegas Golden Knights zone.
5:04 of 2nd period - Wrist shot by Christian Dvorak.
5:04 of 2nd period - Shot Misses the Net.
5:06 of 2nd period - Slapshot by Simon Nemec.
5:06 of 2nd period - Stopped by Cayden Primeau without a rebound.
5:07 of 2nd period - Sean Couturier wins face-off versus Adam Henrique in Vegas Golden Knights zone.
5:16 of 2nd period - Wrist shot by Rickard Rakell.
5:16 of 2nd period - Shot Blocked by Sean Couturier.
5:18 of 2nd period - Slapshot by Sean Durzi.
5:18 of 2nd period - Shot Blocked by Danton Heinen.
5:20 of 2nd period - Wrist shot by Joel Edmundson.
5:20 of 2nd period - Shot Misses the Net.
5:22 of 2nd period - Slapshot by Sean Durzi.
5:22 of 2nd period - Shot Misses the Net.
6:39 of 2nd period - Minor Penalty to Erik Cernak for Tripping.
6:40 of 2nd period - Sean Couturier wins face-off versus Dylan Strome in San Jose Sharks zone.
8:14 of 2nd period - Snap shot by Sean Monahan.
8:14 of 2nd period - Shot Misses the Net.
8:39 of 2nd period - Penalty to Erik Cernak is over, Erik Cernak is back on ice.
8:52 of 2nd period - Wrist shot by Trevor Lewis.
8:52 of 2nd period - Deflect By Curtis Lazar.
8:52 of 2nd period - Stopped by Logan Thompson without a rebound.
8:53 of 2nd period - Christian Dvorak wins face-off versus Jordan Staal in San Jose Sharks zone.
9:48 of 2nd period - Wrist shot by Dylan Strome.
9:48 of 2nd period - Stopped by Cayden Primeau with a rebound.
9:50 of 2nd period - Wrist shot by Matthew Knies.
9:50 of 2nd period - Shot Hit the Post.
9:52 of 2nd period - Snap shot by Christopher Tanev.
9:52 of 2nd period - Deflect By Dylan Strome.
9:52 of 2nd period - Stopped by Cayden Primeau with a rebound.
9:54 of 2nd period - Slapshot by Erik Cernak.
9:54 of 2nd period - Shot Misses the Net.
10:10 of 2nd period - Wrist shot by Ivan Barbashev.
10:10 of 2nd period - Shot Misses the Net.
10:45 of 2nd period - Ilya Mikheyev is hit by Pierre-edouard Bellemare and loses puck.
11:18 of 2nd period - Slapshot by Rickard Rakell.
11:18 of 2nd period - Shot Misses the Net.
12:29 of 2nd period - Rickard Rakell is hit by Sean Monahan and loses puck.
12:46 of 2nd period - Snap shot by Christian Dvorak.
12:46 of 2nd period - Stopped by Cayden Primeau with a rebound.
12:48 of 2nd period - Slapshot by Luke Kunin.
12:48 of 2nd period - Shot Misses the Net.
12:50 of 2nd period - Slapshot by Christopher Tanev.
12:50 of 2nd period - Shot Misses the Net.
13:00 of 2nd period - Eetu Luostarinen is hit by Thomas Chabot.
13:17 of 2nd period - Wrist shot by Ivan Barbashev.
13:17 of 2nd period - Shot Misses the Net.
13:19 of 2nd period - Slapshot by Joel Edmundson.
13:19 of 2nd period - Shot Misses the Net.
13:21 of 2nd period - Snap shot by Ivan Barbashev.
13:21 of 2nd period - Stopped by Cayden Primeau without a rebound.
13:22 of 2nd period - Dylan Strome wins face-off versus Pierre-edouard Bellemare in Vegas Golden Knights zone.
13:35 of 2nd period - Snap shot by Matthew Knies.
13:35 of 2nd period - Stopped by Cayden Primeau without a rebound.
13:36 of 2nd period - Sean Monahan wins face-off versus Adam Henrique in Vegas Golden Knights zone.
13:43 of 2nd period - Slapshot by Roman Josi.
13:43 of 2nd period - Stopped by Logan Thompson with a rebound.
13:45 of 2nd period - Snap shot by Jack Roslovic.
13:45 of 2nd period - Shot Misses the Net.
13:47 of 2nd period - Snap shot by Jack Roslovic.
13:47 of 2nd period - Shot Misses the Net.
13:51 of 2nd period - Wrist shot by Jack Roslovic.
13:51 of 2nd period - Goal by Jack Roslovic - San Jose Sharks : 2 - Vegas Golden Knights : 3.
13:52 of 2nd period - Dylan Strome wins face-off versus Sean Monahan in neutral zone.
14:07 of 2nd period - Wrist shot by Sean Monahan.
14:07 of 2nd period - Shot Misses the Net.
14:17 of 2nd period - Roman Josi is hit by Adam Henrique.
14:41 of 2nd period - Minor Penalty to Reilly Smith for Roughing.
14:42 of 2nd period - Adam Henrique wins face-off versus Jordan Staal in Vegas Golden Knights zone.
16:41 of 2nd period - Penalty to Reilly Smith is over, Reilly Smith is back on ice.
16:54 of 2nd period - Wrist shot by Sean Monahan.
16:54 of 2nd period - Stopped by Logan Thompson with a rebound.
17:18 of 2nd period - Simon Nemec is hit by Cody Glass and loses puck.
17:37 of 2nd period - Wrist shot by Reilly Smith.
17:37 of 2nd period - Deflect By Dylan Strome.
17:37 of 2nd period - Shot Hit the Post.
17:37 of 2nd period - Puck is out of play.
17:38 of 2nd period - Dylan Strome wins face-off versus Pierre-edouard Bellemare in San Jose Sharks zone.
17:48 of 2nd period - Icing by Marc-Edouard Vlasic.
17:49 of 2nd period - Pierre-edouard Bellemare wins face-off versus Adam Henrique in Vegas Golden Knights zone.
18:04 of 2nd period - Snap shot by Pierre-edouard Bellemare.
18:04 of 2nd period - Shot Blocked by Christopher Tanev.
18:06 of 2nd period - Slapshot by Marc-Edouard Vlasic.
18:06 of 2nd period - Shot Misses the Net.
18:08 of 2nd period - Slapshot by Marc-Edouard Vlasic.
18:08 of 2nd period - Shot Blocked by Erik Cernak.
18:10 of 2nd period - Slapshot by Travis Hamonic.
18:10 of 2nd period - Deflect By Curtis Lazar.
18:10 of 2nd period - Shot Misses the Net.
18:10 of 2nd period - Puck is out of play.
18:11 of 2nd period - Dylan Strome wins face-off versus Sean Monahan in San Jose Sharks zone.
18:16 of 2nd period - Snap shot by Matthew Knies.
18:16 of 2nd period - Shot Misses the Net.
18:18 of 2nd period - Wrist shot by Eetu Luostarinen.
18:18 of 2nd period - Deflect By Dylan Strome.
18:18 of 2nd period - Deflect By Jack Roslovic.
18:18 of 2nd period - Shot Misses the Net.
18:18 of 2nd period - Puck is out of play.
18:19 of 2nd period - Matthew Knies wins face-off versus Sean Monahan in Vegas Golden Knights zone.
18:20 of 2nd period - Snap shot by Dylan Strome.
18:20 of 2nd period - Stopped by Cayden Primeau with a rebound.
18:22 of 2nd period - Slapshot by Sean Durzi.
18:22 of 2nd period - Shot Blocked by Shea Theodore.
18:24 of 2nd period - Slapshot by Sean Durzi.
18:24 of 2nd period - Deflect By Matthew Knies.
18:24 of 2nd period - Stopped by Cayden Primeau with a rebound.
18:26 of 2nd period - Wrist shot by Eetu Luostarinen.
18:26 of 2nd period - Goal by Eetu Luostarinen - San Jose Sharks : 3 - Vegas Golden Knights : 3.
18:27 of 2nd period - Dylan Strome wins face-off versus Tyler Bertuzzi in neutral zone.
18:43 of 2nd period - Icing by Matthew Knies.
18:44 of 2nd period - Matthew Knies wins face-off versus Sean Couturier in San Jose Sharks zone.
Goals for this period are 2 for San Jose Sharks vs 2 for Vegas Golden Knights.
Shots for this period are 15 for San Jose Sharks vs 8 for Vegas Golden Knights.
3rd period
0:01 of 3rd period - Christian Dvorak wins face-off versus Sean Monahan in neutral zone.
0:04 of 3rd period - Sean Monahan is hit by Christopher Tanev and loses puck.
0:25 of 3rd period - Adam Henrique is hit by Roman Josi and loses puck.
0:30 of 3rd period - Snap shot by Cody Glass.
0:30 of 3rd period - Shot Hit the Post.
0:32 of 3rd period - Wrist shot by Sean Couturier.
0:32 of 3rd period - Stopped by Logan Thompson with a rebound.
0:46 of 3rd period - Snap shot by Pierre-edouard Bellemare.
0:46 of 3rd period - Shot Blocked by Christopher Tanev.
0:48 of 3rd period - Slapshot by John Marino.
0:48 of 3rd period - Shot Blocked by Erik Cernak.
0:50 of 3rd period - Slapshot by John Marino.
0:50 of 3rd period - Stopped by Logan Thompson without a rebound.
0:51 of 3rd period - Christian Dvorak wins face-off versus Trevor Lewis in San Jose Sharks zone.
1:00 of 3rd period - Slapshot by Joel Edmundson.
1:00 of 3rd period - Stopped by Cayden Primeau with a rebound.
1:39 of 3rd period - Snap shot by Sean Couturier.
1:39 of 3rd period - Shot Misses the Net.
2:26 of 3rd period - Backhand shot by Marc-Edouard Vlasic.
2:26 of 3rd period - Deflect By Mike Hoffman.
2:26 of 3rd period - Stopped by Logan Thompson with a rebound.
2:30 of 3rd period - Wrist shot by Pierre-edouard Bellemare.
2:30 of 3rd period - Stopped by Logan Thompson with a rebound.
2:32 of 3rd period - Snap shot by Pierre-edouard Bellemare.
2:32 of 3rd period - Shot Misses the Net.
2:46 of 3rd period - Slapshot by Dylan Strome.
2:46 of 3rd period - Stopped by Cayden Primeau with a rebound.
3:34 of 3rd period - Slapshot by Roman Josi.
3:34 of 3rd period - Deflect By Jordan Staal.
3:34 of 3rd period - Shot Misses the Net.
3:34 of 3rd period - Puck is out of play.
3:35 of 3rd period - Sean Monahan wins face-off versus Adam Henrique in San Jose Sharks zone.
3:44 of 3rd period - Ivan Barbashev is hit by Jack Roslovic and loses puck.
3:51 of 3rd period - Slapshot by Erik Cernak.
3:51 of 3rd period - Deflect By Adam Henrique.
3:51 of 3rd period - Shot Misses the Net.
3:51 of 3rd period - Puck is out of play.
3:52 of 3rd period - Christian Dvorak wins face-off versus Jordan Staal in Vegas Golden Knights zone.
4:05 of 3rd period - Slapshot by Jordan Staal.
4:05 of 3rd period - Stopped by Logan Thompson with a rebound.
4:24 of 3rd period - Minor Penalty to Sean Durzi for Delaying the game.
4:25 of 3rd period - Jack Roslovic wins face-off versus Dylan Strome in San Jose Sharks zone.
4:28 of 3rd period - Minor Penalty to John Marino for Holding.
4:29 of 3rd period - Sean Couturier wins face-off versus Adam Henrique in Vegas Golden Knights zone.
4:55 of 3rd period - Erik Cernak is hit by Roman Josi and loses puck.
5:04 of 3rd period - Wrist shot by Jordan Staal.
5:04 of 3rd period - Stopped by Logan Thompson with a rebound.
5:06 of 3rd period - Wrist shot by Thomas Chabot.
5:06 of 3rd period - Shot Blocked by Christopher Tanev.
5:08 of 3rd period - Snap shot by Jordan Staal.
5:08 of 3rd period - Shot Misses the Net.
5:31 of 3rd period - Off-side.
5:32 of 3rd period - Sean Monahan wins face-off versus Rickard Rakell in neutral zone.
5:43 of 3rd period - Wrist shot by Sean Couturier.
5:43 of 3rd period - Shot Misses the Net.
5:57 of 3rd period - Snap shot by Shea Theodore.
5:57 of 3rd period - Stopped by Logan Thompson with a rebound.
6:24 of 3rd period - Penalty to Sean Durzi is over, Sean Durzi is back on ice.
6:27 of 3rd period - Ivan Barbashev is hit by Marc-Edouard Vlasic and loses puck.
6:28 of 3rd period - Penalty to John Marino is over, John Marino is back on ice.
6:50 of 3rd period - Snap shot by Rickard Rakell.
6:50 of 3rd period - Goal by Rickard Rakell - San Jose Sharks : 4 - Vegas Golden Knights : 3.
6:51 of 3rd period - Christian Dvorak wins face-off versus Conor Sheary in neutral zone.
6:51 of 3rd period - Luke Kunin is hit by Reilly Smith and loses puck.
7:26 of 3rd period - Backhand shot by Roman Josi.
7:26 of 3rd period - Stopped by Logan Thompson without a rebound.
7:27 of 3rd period - Sean Couturier wins face-off versus Adam Henrique in San Jose Sharks zone.
7:42 of 3rd period - Slapshot by Adam Henrique.
7:42 of 3rd period - Deflect By Rickard Rakell.
7:42 of 3rd period - Shot Misses the Net.
7:42 of 3rd period - Puck is out of play.
7:43 of 3rd period - Christian Dvorak wins face-off versus Sean Monahan in Vegas Golden Knights zone.
7:44 of 3rd period - Slapshot by Mike Hoffman.
7:44 of 3rd period - Stopped by Cayden Primeau without a rebound.
7:45 of 3rd period - Christian Dvorak wins face-off versus Sean Monahan in Vegas Golden Knights zone.
7:50 of 3rd period - Wrist shot by Christian Dvorak.
7:50 of 3rd period - Shot Misses the Net.
8:10 of 3rd period - Marc-Edouard Vlasic is hit by Christopher Tanev.
8:32 of 3rd period - Snap shot by Cody Glass.
8:32 of 3rd period - Shot Misses the Net.
8:34 of 3rd period - Wrist shot by Sean Couturier.
8:34 of 3rd period - Shot Misses the Net.
8:36 of 3rd period - Snap shot by Danton Heinen.
8:36 of 3rd period - Goal by Danton Heinen - San Jose Sharks : 4 - Vegas Golden Knights : 4.
8:37 of 3rd period - Sean Monahan wins face-off versus Adam Henrique in neutral zone.
8:44 of 3rd period - Snap shot by Sean Monahan.
8:44 of 3rd period - Stopped by Logan Thompson with a rebound.
8:46 of 3rd period - Slapshot by Shea Theodore.
8:46 of 3rd period - Shot Misses the Net.
8:48 of 3rd period - Snap shot by Jack Roslovic.
8:48 of 3rd period - Shot Misses the Net.
8:50 of 3rd period - Snap shot by Jack Roslovic.
8:50 of 3rd period - Stopped by Logan Thompson with a rebound.
8:52 of 3rd period - Slapshot by Shea Theodore.
8:52 of 3rd period - Shot Misses the Net.
9:04 of 3rd period - Reilly Smith is hit by Matthew Knies and loses puck.
9:21 of 3rd period - Sean Couturier is hit by Luke Kunin and loses puck.
9:25 of 3rd period - Icing by Cody Glass.
9:26 of 3rd period - Sean Couturier wins face-off versus Christian Dvorak in Vegas Golden Knights zone.
9:33 of 3rd period - Danton Heinen is hit by Erik Cernak and loses puck.
9:38 of 3rd period - Slapshot by Mike Hoffman.
9:38 of 3rd period - Stopped by Cayden Primeau with a rebound.
9:42 of 3rd period - Snap shot by Mike Hoffman.
9:42 of 3rd period - Stopped by Cayden Primeau with a rebound.
9:48 of 3rd period - Slapshot by Mike Hoffman.
9:48 of 3rd period - Shot Misses the Net.
9:50 of 3rd period - Wrist shot by Luke Kunin.
9:50 of 3rd period - Stopped by Cayden Primeau with a rebound.
9:52 of 3rd period - Wrist shot by Luke Kunin.
9:52 of 3rd period - Stopped by Cayden Primeau with a rebound.
9:54 of 3rd period - Slapshot by Dmitry Orlov.
9:54 of 3rd period - Shot Blocked by Danton Heinen.
9:56 of 3rd period - Slapshot by Simon Nemec.
9:56 of 3rd period - Deflect By Mike Hoffman.
9:56 of 3rd period - Shot Blocked by Thomas Chabot.
9:56 of 3rd period - Puck is out of play.
9:57 of 3rd period - Adam Henrique wins face-off versus Sean Monahan in Vegas Golden Knights zone.
9:58 of 3rd period - Slapshot by Ivan Barbashev.
9:58 of 3rd period - Shot Blocked by Marc-Edouard Vlasic.
10:00 of 3rd period - Snap shot by Adam Henrique.
10:00 of 3rd period - Stopped by Cayden Primeau without a rebound.
10:01 of 3rd period - Tyler Bertuzzi wins face-off versus Adam Henrique in Vegas Golden Knights zone.
11:30 of 3rd period - Snap shot by Christian Dvorak.
11:30 of 3rd period - Stopped by Cayden Primeau without a rebound.
11:31 of 3rd period - Adam Henrique wins face-off versus Jordan Staal in Vegas Golden Knights zone.
11:40 of 3rd period - Snap shot by Rickard Rakell.
11:40 of 3rd period - Deflect By Adam Henrique.
11:40 of 3rd period - Shot Blocked by Reilly Smith.
11:40 of 3rd period - Puck is out of play.
11:41 of 3rd period - Jordan Staal wins face-off versus Adam Henrique in Vegas Golden Knights zone.
11:41 of 3rd period - Jordan Staal is hit by Christopher Tanev.
11:44 of 3rd period - Minor Penalty to Reilly Smith for Tripping.
11:45 of 3rd period - Dylan Strome wins face-off versus Pierre-edouard Bellemare in Vegas Golden Knights zone.
11:45 of 3rd period - Wrist shot by Eetu Luostarinen.
11:45 of 3rd period - Shot Misses the Net.
11:47 of 3rd period - Wrist shot by Eetu Luostarinen.
11:47 of 3rd period - Shot Misses the Net.
11:49 of 3rd period - Slapshot by Joel Edmundson.
11:49 of 3rd period - Shot Blocked by Roman Josi.
11:51 of 3rd period - Slapshot by Joel Edmundson.
11:51 of 3rd period - Stopped by Cayden Primeau without a rebound.
11:52 of 3rd period - Pierre-edouard Bellemare wins face-off versus Dylan Strome in Vegas Golden Knights zone.
12:57 of 3rd period - Roman Josi is hit by Luke Kunin and loses puck.
13:44 of 3rd period - Penalty to Reilly Smith is over, Reilly Smith is back on ice.
13:50 of 3rd period - Wrist shot by Ilya Mikheyev.
13:50 of 3rd period - Shot Misses the Net.
13:52 of 3rd period - Slapshot by Dmitry Orlov.
13:52 of 3rd period - Shot Blocked by John Marino.
13:54 of 3rd period - Snap shot by Simon Nemec.
13:54 of 3rd period - Shot Misses the Net.
13:56 of 3rd period - Slapshot by Simon Nemec.
13:56 of 3rd period - Shot Blocked by Sean Monahan.
13:58 of 3rd period - Slapshot by Dmitry Orlov.
13:58 of 3rd period - Stopped by Cayden Primeau with a rebound.
14:00 of 3rd period - Snap shot by Dmitry Orlov.
14:00 of 3rd period - Stopped by Cayden Primeau with a rebound.
15:13 of 3rd period - Snap shot by Conor Sheary.
15:13 of 3rd period - Stopped by Logan Thompson with a rebound.
15:15 of 3rd period - Slapshot by Danton Heinen.
15:15 of 3rd period - Stopped by Logan Thompson with a rebound.
16:47 of 3rd period - Shea Theodore is hit by Joseph Veleno and loses puck.
16:52 of 3rd period - Wrist shot by Frederick Gaudreau.
16:52 of 3rd period - Stopped by Cayden Primeau without a rebound.
16:53 of 3rd period - Pierre-edouard Bellemare wins face-off versus Frederick Gaudreau in Vegas Golden Knights zone.
16:59 of 3rd period - Icing by John Marino.
17:00 of 3rd period - Christian Dvorak wins face-off versus Pierre-edouard Bellemare in Vegas Golden Knights zone.
17:01 of 3rd period - Snap shot by Mike Hoffman.
17:01 of 3rd period - Shot Misses the Net.
17:47 of 3rd period - Minor Penalty to Erik Cernak for Hooking.
17:48 of 3rd period - Adam Henrique wins face-off versus Sean Couturier in San Jose Sharks zone.
19:23 of 3rd period - Icing by Sean Couturier.
19:24 of 3rd period - Sean Couturier wins face-off versus Rickard Rakell in Vegas Golden Knights zone.
19:47 of 3rd period - Penalty to Erik Cernak is over, Erik Cernak is back on ice.
Goals for this period are 1 for San Jose Sharks vs 1 for Vegas Golden Knights.
Shots for this period are 14 for San Jose Sharks vs 13 for Vegas Golden Knights.
Overtime #1
0:01 of 1st overtime period - Jordan Staal wins face-off versus Rickard Rakell in neutral zone.
0:10 of 1st overtime period - Wrist shot by Jordan Staal.
0:10 of 1st overtime period - Shot Misses the Net.
0:12 of 1st overtime period - Slapshot by Roman Josi.
0:12 of 1st overtime period - Shot Blocked by Ivan Barbashev.
0:14 of 1st overtime period - Slapshot by Marc-Edouard Vlasic.
0:14 of 1st overtime period - Shot Hit the Post.
0:16 of 1st overtime period - Slapshot by Marc-Edouard Vlasic.
0:16 of 1st overtime period - Deflect By Rickard Rakell.
0:16 of 1st overtime period - Vegas Golden Knights goal is going for a video replay.
0:16 of 1st overtime period - The goal is good.
0:16 of 1st overtime period - Goal by Marc-Edouard Vlasic - San Jose Sharks : 4 - Vegas Golden Knights : 5.
Goals for this period are 0 for San Jose Sharks vs 1 for Vegas Golden Knights.
Shots for this period are 0 for San Jose Sharks vs 1 for Vegas Golden Knights.
Back to the Top